 Dungeon Crawl Stone Soup version 0.20-a0-891-ga2611f4 (webtiles) character file.

57 Nvm9 the Skirmisher (level 3, 0/29 HPs)
             Began as a Demonspawn Fighter on Mar 16, 2017.
             Succumbed to an adder's poison
             ... on level 2 of the Dungeon.
             The game lasted 00:02:55 (1227 turns).

Nvm9 the Skirmisher (Demonspawn Fighter)            Turns: 1227, Time: 00:02:56

Health: 0/29       AC: 11    Str: 17    XL:     3   Next: 73%
Magic:  3/3        EV:  9    Int:  9    God:
Gold:   121        SH:  9    Dex: 17    Spells: 2/2 levels left

rFire    . . .     SeeInvis .   a - +0 war axe
rCold    . . .     Gourm    +   c - +0 chain mail
rNeg     . . .     Faith    .   e - +0 shield
rPois    .         Spirit   .   (no helmet)
rElec    .         Reflect  .   (no cloak)
rCorr    .         Harm     .   (no gloves)
MR       .....                  (no boots)
Stlth    ..........             t - amulet of the gourmand
Regen    0.1/turn               (no ring)
MPRegen  0.1/turn               (no ring)

@: agile, lethally poisoned (0 -> -11)
A: hooves 1, slimy green scales 1
a: no special abilities


You were on level 2 of the Dungeon.
You were hungry.

You visited 1 branch of the dungeon, and saw 2 of its levels.

You collected 121 gold pieces.

Inventory:

Hand Weapons
 a - a +0 war axe (weapon)
 v - a +0 hand axe of freezing
Armour
 c - a +0 chain mail (worn)
 e - a +0 shield (worn)
Jewellery
 t - an amulet of the gourmand (around neck)
Scrolls
 i - a scroll of fear {unknown}
 m - a scroll of amnesia {unknown}
 n - a scroll of fog {unknown}
 o - a scroll of teleportation {unknown}
 p - a scroll of recharging {unknown}
 r - a scroll of blinking {unknown}
 s - a scroll of remove curse {unknown}
Potions
 d - a potion of might
 j - a potion of haste {unknown}
 k - a potion of degeneration {unknown}
 q - 2 potions of cancellation {unknown}
Comestibles
 f - 2 bread rations
 h - a meat ration
 u - 2 chunks of flesh


   Skills:
 + Level 3.5 Fighting
 + Level 2.2 Axes
 * Level 3.2 Armour
 + Level 3.1 Shields


You had 2 spell levels left.
You didn't know any spells.

Dungeon Overview and Level Annotations

Branches:
Dungeon (2/15)

Altars:


Innate Abilities, Weirdness & Mutations

You have large cloven feet.
You are partially covered in slimy green scales. (AC +2)


Message History

Your chain mail prevents you from hitting the adder.
The adder is severely wounded.
* * * LOW HITPOINT WARNING * * *
You feel sick. You block the bat's attack. The adder bites you.
* * * LOW HITPOINT WARNING * * *
You are more poisoned.
The adder poisons you! The adder bites you but does no damage.
You completely miss the adder. You kick the adder, but do no damage.
The adder is severely wounded.
You are feeling hungry.
* * * LOW HITPOINT WARNING * * *
You feel sick. The bat hits you.
* * * LOW HITPOINT WARNING * * *
The adder bites you but does no damage. x2
It was a potion of magic.
Magic courses through your body.
* * * LOW HITPOINT WARNING * * *
You feel sick. The bat barely misses you. The adder barely misses you.
It was a potion of agility.
You feel agile all of a sudden.
You die...

....# ....... ....#
#............ ....#
#...........#
....########...........#
..[......(†.............
....######...####......#
<...# #...# ......#
....### #.).####S.....#
.........+...'.)@b......
##########...####.......
#...# ####.#. #...#
##### #+# ## #.# #.
#.####' ###.#....


You could see an adder and a bat.

Vanquished Creatures
  An adder (D:2)
  A worm (D:2)
  A dart slug (D:1)
  A leopard gecko (D:1)
  A giant cockroach (D:1)
  4 goblins
  3 hobgoblins
  8 jackals
  6 bats
  2 frilled lizards (D:1)
  6 kobolds
  7 rats
41 creatures vanquished.

Notes
Turn   | Place    | Note
-------+----------+-------------------------------------------
     0 | D:1      | Nvm9 the Demonspawn Fighter began the quest for the Orb.
     0 | D:1      | Reached XP level 1. HP: 18/18 MP: 1/1
   161 | D:1      | Gained mutation: You have large cloven feet. [demonic ancestry]
   161 | D:1      | Reached XP level 2. HP: 16/24 MP: 2/2
   891 | D:2      | Gained mutation: You are partially covered in slimy green scales. (AC +2) [demonic ancestry]
   891 | D:2      | Reached XP level 3. HP: 29/29 MP: 3/3
  1226 | D:2      | HP: 1/29 [poisoned by an adder]
  1227 | D:2      | Succumbed to an adder's poison

Vault maps used:
D:1:      dpeg_arrival_short_road, serial_bayou_lagoon_a

Skill      XL: |  1  2 |
---------------+-------+-----
Axes           | 2 |  2.2
Armour         | 3 |  3.2
Shields        | 3 |  3.1
Fighting       | |  3.5

Action                   || total
-------------------------++-------
Melee: War axe           ||   153
       Kick              ||    32
  Use: Potion            ||     2
  Eat: Chunk             ||     1
Armor: Scale mail        ||    79
       Chain mail        ||    42
Dodge: Dodged            ||    58
Block: Shield            ||   120
